 Adventure DCSS version bcrawl-1.22 (webtiles) character file.

Game seed: 13742187218336534185

24 funkygono the Ducker (level 3, 0/26 HPs)
             Began as a Fairy Reaver on May 17, 2020.
             Was a Follower of Vehumet.
             Slain by Crazy Yiuf
             ... wielding a +4 quarterstaff of chaos
              (12 damage)
             ... on level 2 of the Dungeon.
             The game lasted 00:03:10 (1504 turns).

funkygono the Ducker (Fairy Reaver)                 Turns: 1504, Time: 00:03:11

Health: 0/26       AC:  4    Str:  9    XL:     3   Next: 2%
Magic:  1/9        EV: 17    Int: 18    God:    Vehumet [*.....]
Gold:   124        SH:  8    Dex: 10    Spells: 6/7 levels left
                                        Lives:  0   Deaths: 2

rFire    . . .     SeeInvis .   a - +0 rapier
rCold    . . .     Gourm    .   (shield restricted)
rNeg     . . .     Faith    .   (armour unavailable)
rPois    .         Spirit   .   (no helmet)
rElec    .         Reflect  +   (no cloak)
rCorr    .         Harm     .   (no gloves)
MR       .....                  (no boots)
Stlth    ..........             g - +4 amulet of reflection
HPRegen  0.08/turn              (no ring)
MPRegen  0.11/turn              (no ring)

@: flying evasively
A: small, magic attunement, unstealthy, unfitting armour, able to fly, AC/SH +4
a: Stop Flying, Renounce Religion


You were on level 2 of the Dungeon.
You worshipped Vehumet.
Vehumet was aware of your devotion.
You were not hungry.

You visited 1 branch of the dungeon, and saw 2 of its levels.

You collected 124 gold pieces.

Inventory:

Hand Weapons
 a - a +0 rapier (weapon)
Armour
 k - a +0 medium shield
Jewellery
 g - a +4 amulet of reflection (around neck)
 j - an uncursed amulet of guardian spirit
 r - an uncursed ring of flight {unknown}
Scrolls
 c - a scroll of immolation
 d - 2 scrolls of teleportation {unknown}
 h - 2 scrolls of identify {unknown}
 p - a scroll of fog {unknown}
 q - a scroll of enchant weapon {unknown}
Potions
 b - a potion of haste
 f - a potion of resistance {unknown}
 i - a potion of invisibility {unknown}
 l - a potion of curing {unknown}
 m - a potion of flight {unknown}
 n - a potion of brilliance {unknown}
Comestibles
 e - 6 rations {!d}


   Skills:
 + Level 3.0 Fighting
 + Level 3.8 Short Blades
 + Level 4.7 Dodging
 + Level 0.2 Shields
 + Level 2.9 Spellcasting
 + Level 0.8 Conjurations
 + Level 0.4 Poison Magic


You had 6 spell levels left.
You knew the following spells:

 Your Spells              Type           Power        Failure   Level  Hunger
a - Sting                 Conj/Pois      #...         3%          1    None

Your spell library contained the following spells:

 Spells                   Type           Power        Failure   Level  Hunger
 Iskenderun's Battlesphe  Conj/Chrm      #.......     65%         5    None


Dungeon Overview and Level Annotations

Branches:
Dungeon (2/12)

Altars:
Cheibriados

Annotations:
D:2 Crazy Yiuf


Innate Abilities, Weirdness & Mutations

Your spells do not cause hunger and MP costs are reduced by 1.
Your bright wings attract enemies. (Stealth-)
You cannot fit into any form of body armour.
Your shimmering scales are hard and can block incoming attacks. (AC +4, SH +4)
You are small and have problems with some larger weapons.
You can fly continuously.


Message History

Crazy Yiuf is lightly wounded.
Crazy Yiuf hits you with a +4 quarterstaff of chaos!
Ouch! That really hurt!
You feel your power leaking away.
You hit Crazy Yiuf.
Crazy Yiuf is moderately wounded.
You block Crazy Yiuf's attack.
You hit Crazy Yiuf but do no damage.
Crazy Yiuf is moderately wounded.
You block Crazy Yiuf's attack.
You closely miss Crazy Yiuf.
Crazy Yiuf is moderately wounded.
Crazy Yiuf barely misses you.
You closely miss Crazy Yiuf.
Crazy Yiuf is moderately wounded.
Crazy Yiuf closely misses you.
You closely miss Crazy Yiuf.
Crazy Yiuf is moderately wounded.
Crazy Yiuf hits you with a +4 quarterstaff of chaos!
You die...

.#.#..#.####..........#
.#.#..#.##............#
##.#..#.##.############
......#.##.#
..#####.##.# #####
_.......##.# #..)#
..########## #...# ###
#.g.# #@# ♣♣.♣ ♣.♣♣
♣♣.♣ ♣.♣♣ ♣♣.♣♣ ##
♣...♣♣ .# ♣....♣ .#
#....#


You could see Crazy Yiuf.

Vanquished Creatures
  An ooze (D:2)
  A worm (D:2)
  A dart slug (D:1)
  3 leopard geckos
  An orc (D:2)
  3 giant cockroaches (D:1)
  2 goblins (D:1)
  9 hobgoblins
  3 jackals (D:1)
  2 quokkas (D:2)
  A ball python (D:2)
  4 bats
  2 frilled lizards (D:2)
  5 kobolds
  6 rats
44 creatures vanquished.

Notes
Turn   | Place    | Note
-------+----------+-------------------------------------------
     0 | D:1      | funkygono the Fairy Reaver began the quest for the Orb.
     0 | D:1      | Reached XP level 1. HP: 15/15 MP: 6/6
    91 | D:1      | Reached XP level 2. HP: 20/20 MP: 7/7
   163 | D:1      | HP: 1/20 [jackal (1)]
   176 | D:1      | Slain by a jackal
   177 | D:1      | Reached XP level 1. HP: 0/15 MP: 6/6
   325 | D:1      | Reached XP level 2. HP: 20/20 MP: 7/7
   618 | D:2      | Found a snail-covered altar of Cheibriados.
   642 | D:2      | Reached * piety under Vehumet
   642 | D:2      | Offered knowledge of Sting by Vehumet.
   642 | D:2      | Reached XP level 3. HP: 18/26 MP: 9/9
   645 | D:2      | Learned a level 1 spell: Sting
  1006 | D:2      | Slain by a hobgoblin
  1007 | D:2      | Reached XP level 2. HP: -1/21 MP: 7/7
  1044 | D:2      | Found a runed door.
  1364 | D:2      | Reached XP level 3. HP: 25/26 MP: 9/9
  1495 | D:2      | Noticed Crazy Yiuf
  1504 | D:2      | Slain by Crazy Yiuf

Skill      XL: |  1  2 |
---------------+-------+-----
Fighting       | 3 |  3.0
Short Blades   | |  3.8
Dodging        | |  4.7
Shields        | |  0.2
Spellcasting   | |  2.9
Conjurations   | |  0.8
Poison Magic   | |  0.4

Action                   || total
-------------------------++-------
Melee: Rapier            ||   134
 Cast: Sting             ||    38
  Use: Scroll            ||     1
Armor: Skin              ||    11
Dodge: Dodged            ||   137
Block: Other             ||    49
